 Dungeon Crawl Stone Soup version 0.21.1-1-g345015f (webtiles) character file.

120 Monsterracer the Caller (level 5, -3/45 HPs)
             Began as a Hill Orc Summoner on Feb 18, 2018.
             Slain by a river rat (4 damage)
             ... in a sewer.
             The game lasted 00:05:41 (3793 turns).

Monsterracer the Caller (Hill Orc Summoner)         Turns: 3793, Time: 00:05:42

Health: -3/45      AC: 10    Str: 12    XL:     5   Next: 4%
Magic:  7/7        EV:  9    Int: 15    God:
Gold:   114        SH:  0    Dex: 11    Spells: 7/7 levels left

rFire    . . .     SeeInvis .   i - +0 hand axe
rCold    . . .     Gourm    .   (no shield)
rNeg     . . .     Faith    .   b - +4 scale mail
rPois    .         Spirit   .   (no helmet)
rElec    .         Reflect  .   (no cloak)
rCorr    .         Harm     .   (no gloves)
MR       .....                  (no boots)
Stlth    ..........             (no amulet)
HPRegen  0.15/turn              (no ring)
MPRegen  0.10/turn              (no ring)

@: no status effects
A: no striking features
a: no special abilities


You were in a sewer.
You were not hungry.

You visited 1 branch of the dungeon, and saw 3 of its levels.
You also visited: Sewer.

You collected 114 gold pieces.

Inventory:

Hand Weapons
 i - a +0 hand axe (weapon)
Armour
 b - a +4 scale mail (worn)
Scrolls
 e - a scroll of remove curse
 h - 2 scrolls of identify
Potions
 a - a potion of invisibility
 d - 2 potions of curing
 k - a potion of resistance
Comestibles
 c - a ration


   Skills:
 + Level 3.4 Fighting
 * Level 4.0 Axes
 + Level 0.9 Armour
 - Level 1.5 Dodging
 - Level 1.5 Stealth
 - Level 1.5 Spellcasting
   Level 4.0 Summonings


You had 7 spell levels left.
You didn't know any spells.

Dungeon Overview and Level Annotations

Branches:
Dungeon (3/15)

Altars:
Sif Muna


Message History

You slash the rat!
You kill the rat!
You hit the rat.
You kill the rat!
The river rat bites you.
You take 1 damage, and have 44/45 hp.
You completely miss the river rat. The river rat bites you.
You take 4 damage, and have 40/45 hp.
You closely miss the river rat. The river rat bites you.
You take 1 damage, and have 39/45 hp.
You hit the river rat.
The river rat is lightly wounded.
The river rat barely misses you.
You closely miss the river rat.
The river rat is lightly wounded.
The rat twitches its whiskers.
The river rat misses you.
You closely miss the river rat.
The river rat is lightly wounded.
The river rat twitches its whiskers.
The river rat closely misses you.
You closely miss the river rat.
The river rat is lightly wounded.
The river rat bites you but does no damage.
You closely miss the river rat.
The river rat bites you but does no damage.
Your scale mail prevents you from hitting the river rat.
The river rat bites you but does no damage.
You closely miss the river rat. The river rat bites you!
The river rat barely misses you.
You take 7 damage, and have 33/45 hp.
You barely miss the river rat.
The river rat bites you but does no damage.
You are too injured to fight recklessly!
Your scale mail prevents you from hitting the river rat.
The river rat bites you!
You take 8 damage, and have 25/45 hp.
You are too injured to fight recklessly!
You hit the river rat but do no damage.
The river rat bites you but does no damage.
You hit the river rat but do no damage.
The river rat bites you but does no damage.
You hit the river rat.
The river rat is moderately wounded.
The river rat bites you but does no damage.
You hit the river rat but do no damage.
The river rat is moderately wounded.
The river rat barely misses you.
You hit the river rat.
The river rat is moderately wounded.
The river rat bites you but does no damage.
You hit the river rat but do no damage.
The river rat is moderately wounded.
The river rat bites you!
* * * LOW HITPOINT WARNING * * *
You take 8 damage, and have 18/45 hp.
You closely miss the river rat.
The river rat is moderately wounded.
The river rat bites you!
* * * LOW HITPOINT WARNING * * *
You take 6 damage, and have 12/45 hp.
You hit the river rat.
The river rat is heavily wounded.
The river rat barely misses you. The river rat closely misses you.
You hit the river rat but do no damage.
The river rat is heavily wounded.
The river rat bites you.
* * * LOW HITPOINT WARNING * * *
You take 5 damage, and have 7/45 hp.
Your scale mail prevents you from hitting the river rat.
The river rat is heavily wounded.
The rat twitches its whiskers.
The river rat barely misses you.
You hit the river rat but do no damage.
The river rat is heavily wounded.
The river rat bites you but does no damage.
You hit the river rat but do no damage.
The river rat is heavily wounded.
The river rat closely misses you.
You hit the river rat but do no damage.
The river rat is heavily wounded.
The river rat bites you but does no damage.
You hit the river rat but do no damage.
The river rat is heavily wounded.
The river rat misses you.
You closely miss the river rat.
The river rat is heavily wounded.
The river rat bites you but does no damage.
You hit the river rat but do no damage.
The river rat is heavily wounded.
The river rat bites you but does no damage.
You hit the river rat.
The river rat is heavily wounded.
The river rat bites you!
* * * LOW HITPOINT WARNING * * *
You take 7 damage, and have 1/45 hp.
Okay, then.
It was a potion of cancellation.
You feel magically purged. The river rat bites you.
You die... ############### ≈....rrr@∩†...# ###############

You could see a river rat and 2 rats.

Vanquished Creatures
  5 adders
  An ooze (D:1)
  2 worms
  A leopard gecko (D:1)
  A ball python (D:3)
  5 bats
  4 giant cockroaches (D:1)
  4 goblins
  3 hobgoblins
  3 jackals (D:2)
  4 frilled lizards
  3 kobolds
  12 rats
48 creatures vanquished.

Vanquished Creatures (collateral kills)
  Terence (D:2)
  A giant cockroach (D:1)
  A goblin (D:1)
  A kobold (D:1)
4 creatures vanquished.

Grand Total: 52 creatures vanquished

Notes
Turn   | Place    | Note
-------+----------+-------------------------------------------
     0 | D:1      | Monsterracer the Hill Orc Summoner began the quest for the Orb.
     0 | D:1      | Reached XP level 1. HP: 14/14 MP: 3/3
    89 | D:1      | HP: 7/14 [bat (1)]
    95 | D:1      | HP: 3/14 [bat (1)]
   369 | D:1      | Reached skill level 1 in Fighting
   460 | D:1      | HP: 8/16 [kobold (3)]
   857 | D:1      | Reached XP level 2. HP: 19/24 MP: 4/4
  1449 | D:1      | Reached skill level 1 in Axes
  1477 | D:1      | Reached XP level 3. HP: 28/30 MP: 5/5
  2174 | D:2      | Noticed Terence
  2197 | D:2      | HP: 10/30 [Terence/flail (8)]
  2668 | D:2      | HP: 15/30 [adder (1)]
  2673 | D:2      | HP: 6/30 [poisoned by an adder]
  2688 | D:2      | HP: 15/30 [poisoned by an adder]
  2693 | D:2      | HP: 14/30 [poisoned by an adder]
  2700 | D:2      | HP: 13/30 [poisoned by an adder]
  2708 | D:2      | HP: 11/30 [poisoned by an adder]
  2963 | D:2      | Reached XP level 4. HP: 27/38 MP: 2/6
  3022 | D:2      | HP: 18/38 [Terence/flail (8)]
  3028 | D:2      | HP: 9/38 [Terence/flail (4)]
  3041 | D:2      | HP: 5/38 [Terence/flail (5)]
  3044 | D:2      | Killed Terence
  3337 | D:2      | Found a deep blue altar of Sif Muna.
  3630 | D:3      | Found a glowing drain.
  3682 | D:3      | Reached XP level 5. HP: 33/45 MP: 7/7
  3759 | Sewer    | Entered a sewer
  3781 | Sewer    | HP: 18/45 [river rat (8)]
  3784 | Sewer    | HP: 7/45 [river rat (5)]
  3792 | Sewer    | HP: 1/45 [river rat (7)]
  3793 | Sewer    | Slain by a river rat

Skill      XL: |  1  2  3  4 |
---------------+-------------+-----
Fighting       | 1 2 3 |  3.4
Axes           | 1 3 4 |  4.0
Armour         | |  0.9
Dodging        | |  1.5
Stealth        | |  1.5
Spellcasting   | |  1.5
Summonings     | |  4.0

Action                   |  1- 3 |  4- 6 || total
-------------------------+-------+-------++-------
Melee: Unarmed           |   125 |       ||   125
       Hand axe          |   122 |   103 ||   225
       Dagger            |    18 |       ||    18
 Cast: Summon Small Mamm |     7 |     5 ||    12
  Use: Potion            |     1 |     1 ||     2
       Scroll            |       |     6 ||     6
 Stab: Sleeping          |     2 |       ||     2
  Eat: Chunk             |     6 |     2 ||     8
       Ration            |       |     1 ||     1
Armor: Robe              |    23 |       ||    23
       Ring mail         |    88 |     1 ||    89
       Scale mail        |       |    49 ||    49
Dodge: Dodged            |   167 |    48 ||   215

Vault maps used:
D:1:      lemuel_arrival_funnel
D:2:      marbit_many_paths, uniq_terence
D:3:      lemuel_coloured_pillars_altar, cheibrodos_sewer_entry_drain,
          hangedman_decor_push
Sewer:    sewer_kobolds
